 Dungeon Crawl Stone Soup version 0.25-a0-346-g140ab784a8 (webtiles) character file.

Game seed: 7982625388115542853, levelgen mode: deterministic

529 BritishOli the Slasher (level 7, -1/54 HPs)
             Began as a Demonspawn Gladiator on Dec 31, 2019.
             Slain by an orc warrior
             ... wielding a +0 scimitar
              (17 damage)
             ... on level 3 of the Dungeon.
             The game lasted 00:09:32 (3869 turns).

BritishOli the Slasher (Demonspawn Gladiator)       Turns: 3869, Time: 00:09:33

Health: -1/54      AC: 14    Str: 16    XL:     7   Next: 3%
Magic:  0/7        EV: 11    Int: 10    God:
Gold:   125        SH:  0    Dex: 14    Spells: 6/6 levels left

rFire    + . .     SeeInvis .   a - +0 long sword
rCold    x . .     Gourm    .   (no shield)
rNeg     . . .     Faith    .   o - +0 scale mail
rPois    .         Spirit   +   c - +0 helmet
rElec    .         Reflect  .   s - +0 cloak (curse)
rCorr    .         Harm     .   (no gloves)
MR       .....                  (no boots)
Stlth    ..........             (no amulet)
HPRegen  0.18/turn              l - ring of fire
MPRegen  0.10/turn              (no ring)

@: sanguine armour
A: magic shield, sanguine armour 1
a: no special abilities


You were on level 3 of the Dungeon.
You were not hungry.

You visited 1 branch of the dungeon, and saw 4 of its levels.

You collected 125 gold pieces.

Inventory:

Hand Weapons
 a - a +0 long sword (weapon)
 v - the +1 hunting sling "Qogeopih" {freeze, rElec Int+2}
   (You found it on level 4 of the Dungeon)

   It causes projectiles fired from it to freeze those they strike, causing
   extra injury to most foes and up to half again as much damage against
   particularly susceptible opponents.
   They can also slow down cold-blooded creatures.
   It affects your intelligence (+2).
   It insulates you from electricity.
Missiles
 d - 2 throwing nets (quivered)
Armour
 b - a +0 leather armour
 c - a +0 helmet (worn)
 o - a +0 scale mail (worn)
 s - a cursed +0 cloak (worn)
Jewellery
 l - a ring of fire (left hand)
Scrolls
 h - 3 scrolls of immolation {unknown}
 j - a scroll of blinking {unknown}
 k - 5 scrolls of identify {unknown}
 m - 2 scrolls of remove curse {unknown}
 n - 2 scrolls of enchant armour {unknown}
 p - 2 scrolls of amnesia {unknown}
 q - 3 scrolls of teleportation {unknown}
Potions
 e - a potion of berserk rage {unknown}
 g - 2 potions of degeneration {unknown}
 i - 2 potions of curing {unknown}
 r - a potion of lignification {unknown}
 u - a potion of resistance {unknown}


   Skills:
 + Level 4.2 Fighting
 + Level 4.8 Long Blades
 - Level 1.9 Throwing
 - Level 1.2 Armour
 + Level 4.6 Dodging
 - Level 0.2 Stealth


You had 6 spell levels left.
You didn't know any spells.
Your spell library contained the following spells:

 Spells                   Type           Power        Failure   Level  Hunger
 Confusing Touch          Hex            #.....       80%         1    ##.....
 Confuse                  Hex            #.......     99%         3    ####...
 Gell's Gravitas          Tloc           #.........   99%         3    ####...
 Petrify                  Tmut/Erth      #.......     100%        4    #####..
 Metabolic Englaciation   Hex/Ice        #.........   100%        5    ######.
 Yara's Violent Unravell  Hex/Tmut       #.........   100%        5    ######.


Dungeon Overview and Level Annotations

Branches:
Dungeon (4/15)
 Temple: D:4-7

Altars:
Cheibriados
Elyvilon
Fedhas
Sif Muna
Xom
Yredelemnul


Innate Abilities, Weirdness & Mutations

When hurt, damage is shared between your health and your magic reserves.
When seriously injured, your bleeding wounds create armour. (AC +6)


Message History

The orc warrior is caught in the net!
The orc warrior is moderately wounded.
The orc warrior struggles against the net.
You hit the orc warrior but do no damage.
The orc warrior is moderately wounded.
The orc warrior struggles against the net.
You hit the orc warrior.
The orc warrior is heavily wounded.
The orc warrior struggles against the net. x2
You barely miss the orc warrior.
The orc warrior is heavily wounded.
The orc warrior struggles against the net.
The net rips apart, and the orc warrior comes free!
You hit the orc warrior but do no damage.
The orc warrior is heavily wounded.
The orc warrior hits you but does no damage.
You hit the orc warrior.
The orc warrior is severely wounded.
The orc warrior hits you with a +0 scimitar!!
You die...

...†...# ##+## #..# #.# .......##
##...## ##.###.# ..#.....#
##.....## ###...##
........###.......## ##.##.##
........##.........####...#.#####
.........'.........'.............
#.....#.##.........####...#.####.
#.##.##.###....o÷.## ##.##.# #.
#.##.##.# ##....@## ####.# #.
#.......# ##...## #.# #.
####.#### ##'## #####.##### #.#
#.# #........# #.# #.# #.###.##.#
#.# ####.#### #.###.##.# #.#
#.......# #........# #.#
#.......# #####.#### #.#
#.#.#.#.#########.#


You could see an orc warrior.

Vanquished Creatures
  An ogre (D:4)
  A howler monkey (D:3)
  A crimson imp (D:3)
  An orc priest (D:3)
  2 orc wizards
  An iguana (D:4)
  A hound skeleton (D:4)
  A howler monkey skeleton (D:4)
  6 gnolls
  6 adders
  An ooze (D:2)
  5 worms
  2 dart slugs (D:1)
  2 leopard geckos (D:1)
  12 orcs
  3 ball pythons
  9 bats
  2 giant cockroaches
  7 goblins
  11 hobgoblins
  8 jackals (D:1)
  10 kobolds
  3 quokkas
  2 frilled lizards
  2 gnoll zombies (D:3)
  10 rats
110 creatures vanquished.

Notes
Turn   | Place    | Note
-------+----------+-------------------------------------------
     0 | D:1      | BritishOli the Demonspawn Gladiator began the quest for the
                  | Orb.
     0 | D:1      | Reached XP level 1. HP: 16/16 MP: 1/1
   118 | D:1      | Gained mutation: When hurt, damage is shared between your
                  | health and your magic reserves. [demonic ancestry]
   118 | D:1      | Reached XP level 2. HP: 20/22 MP: 2/2
   253 | D:1      | Gained mutation: When seriously injured, your bleeding
                  | wounds create armour. (AC +6) [demonic ancestry]
   253 | D:1      | Reached XP level 3. HP: 8/27 MP: 3/3
   543 | D:1      | Reached skill level 1 in Armour
   905 | D:2      | Found a faded altar of an unknown god.
  1107 | D:2      | Reached XP level 4. HP: 21/33 MP: 4/4
  1246 | D:2      | Found a shimmering blue altar of Sif Muna.
  2037 | D:2      | Reached XP level 5. HP: 29/40 MP: 5/5
  2645 | D:3      | Reached XP level 6. HP: 41/47 MP: 6/6
  2809 | D:3      | Found a white marble altar of Elyvilon.
  2945 | D:3      | Found a blossoming altar of Fedhas.
  3041 | D:3      | Found a basalt altar of Yredelemnul.
  3471 | D:4      | Got a transparent hunting sling
  3472 | D:4      | Identified the +1 hunting sling "Qogeopih" {freeze, rElec
                  | Int+2} (You found it on level 4 of the Dungeon)
  3524 | D:4      | Found a snail-covered altar of Cheibriados.
  3524 | D:4      | Found a shimmering altar of Xom.
  3570 | D:4      | Noticed an orc warrior
  3595 | D:4      | Reached XP level 7. HP: 32/54 MP: 5/7
  3869 | D:3      | Slain by an orc warrior

Levels and vault maps discovered:
D:1:      dpeg_arrival_shelter, layout_basic, minivault_19,
          hangedman_decor_push, minivault_4, minmay_cut_off
D:2:      layout_loops_corners, lemuel_crystal_altar,
          chequers_ecumenical_altar_simple_redux
D:3:      layout_loops_corners, lemuel_zombie_altar_yredelemnul,
          lemuel_coloured_pillars_altar, fedhas_altar_2
D:4:      layout_basic, gammafunk_temple_overflow_pools, tgw_trog, first_ration,
          chequers_serial_rivers_micro_b

Skill      XL: |  1  2  3  4  5  6 |
---------------+-------------------+-----
Long Blades    | 3 4 |  4.8
Dodging        | 3 4 |  4.6
Armour         | 1 |  1.2
Fighting       | 3 4 |  4.2
Throwing       | |  1.9
Stealth        | |  0.2

Action                   |  1- 3 |  4- 6 |  7- 9 || total
-------------------------+-------+-------+-------++-------
Melee: Long sword        |   140 |   252 |    33 ||   425
Throw: Throwing net      |       |       |     3 ||     3
 Stab: Sleeping          |     1 |     2 |       ||     3
       Held in net/web   |       |       |     1 ||     1
  Eat: Chunk             |       |     6 |       ||     6
       Ration            |       |     1 |     1 ||     2
Armor: Leather armour    |    62 |    50 |       ||   112
       Scale mail        |       |    27 |     9 ||    36
Dodge: Dodged            |   142 |   179 |    13 ||   334
       Rpst.: Long sword |    47 |    54 |     7 ||   108

Table legend:
 A = Non-vault XP
 B = Vault XP
 C = Vault XP percentage of total XP
 D = Non-vault monster count
 E = Vault monster count
 F = Vault count percentage of total count
                 A         B        C        D         E       F
            +---------+---------+-------+---------+---------+-------
      Total |     743 |      13 |   1.7 |     104 |       6 |   5.5
            +---------+---------+-------+---------+---------+-------
        D:1 |      61 |      10 |  14.1 |      34 |       4 |  10.5
        D:2 |     145 |       0 |   0.0 |      33 |       0 |   0.0
        D:3 |     245 |       3 |   1.2 |      23 |       2 |   8.0
        D:4 |     292 |       0 |   0.0 |      14 |       0 |   0.0
            +---------+---------+-------+---------+---------+-------
